 Dungeon Crawl Stone Soup version 0.27-a0-1137-g3ef0f4ec91 (webtiles) character file.

Game seed: 3475198544512137211

79 leviel the Skirmisher (level 4, -3/35 HPs)
             Began as a Human Fighter on May 6, 2021.
             Killed from afar by a goblin (9 damage)
             ... with an iceblast
             ... on level 3 of the Dungeon.
             The game lasted 00:01:08 (2430 turns).

leviel the Skirmisher (Human Fighter)               Turns: 2430, Time: 00:01:08

Health: -3/35      AC:  8    Str: 17    XL:     4   Next: 64%
Magic:  4/4        EV:  7    Int:  8    God:
Gold:   104        SH:  9    Dex: 13    Spells: 3/3 levels left

rFire    . . .     SeeInvis .   a - +0 war axe
rCold    . . .     Faith    .   c - +0 kite shield
rNeg     . . .     Spirit   .   b - +0 scale mail
rPois    .         Reflect  .   (no helmet)
rElec    .         Harm     .   f - +0 cloak
rCorr    .         Rampage  .   (no gloves)
Will     .....                  (no boots)
Stlth    ..........             (no amulet)
HPRegen  0.11/turn              (no ring)
MPRegen  0.09/turn              (no ring)

@: no status effects
A: no striking features
a: no special abilities


You were on level 3 of the Dungeon.
You visited 1 branch of the dungeon, and saw 3 of its levels.

You collected 104 gold pieces.

Inventory:

Hand Weapons
 a - a +0 war axe (weapon)
Armour
 b - a +0 scale mail (worn)
 c - a +0 kite shield (worn)
 f - a +0 cloak (worn)
Scrolls
 e - 2 scrolls of brand weapon {unknown}
 g - a scroll of immolation {unknown}
 h - a scroll of teleportation {unknown}
 k - 2 scrolls of fog {unknown}
Potions
 d - a potion of might
 i - a potion of attraction {unknown}
 j - a potion of lignification {unknown}
 l - 2 potions of resistance {unknown}


   Skills:
 + Level 3.5 Fighting
 + Level 2.9 Axes
 + Level 3.3 Armour
 + Level 1.1 Dodging
 + Level 0.1 Stealth
 + Level 3.5 Shields


You had 3 spell levels left.
You didn't know any spells.
Your spell library was empty.

Dungeon Overview and Level Annotations

Branches:
Dungeon (3/15)

Altars:


Message History

You see here 24 arrows.
You open the door.
There is an open door here.
There is a stone staircase leading down here.
You see here a +0 robe of willpower.
There is a stone staircase leading up here.
There is a stone staircase leading up here.
There is a stone staircase leading down here.
Done exploring.
Done exploring.
Done exploring.
There is a stone staircase leading down here.
You climb downwards.
There is a stone staircase leading up here.
A goblin comes into view.
It is wielding a +0 dagger and carrying a wand of iceblast (10).
The goblin shouts!
A goblin is nearby!
The goblin zaps a wand.
The mass of ice explodes!
The iceblast engulfs you!
The goblin zaps a wand.
The mass of ice explodes!
The iceblast engulfs you!!
Ouch! That really hurt!
* * * LOW HITPOINT WARNING * * *
You are too injured to fight recklessly!
You are too injured to fight recklessly!
You are too injured to fight recklessly!
You are too injured to fight recklessly!
You are too injured to fight recklessly!
You are too injured to fight recklessly!
You are too injured to fight recklessly!
You are too injured to fight recklessly!
You are too injured to fight recklessly!
You are too injured to fight recklessly!
You are too injured to fight recklessly!
You are too injured to fight recklessly!
You are too injured to fight recklessly!
You are too injured to fight recklessly!
You are too injured to fight recklessly!
You are too injured to fight recklessly!
Unknown command.
The goblin zaps a wand.
The mass of ice explodes!
The iceblast engulfs you!
You die...

########
#......#
#.###.##
#.# #.#
#.# #.#
#.# #.#
#.# #.#
#.# #@#
########.#
#.#
#.....##.#
#.#
#..<..##.#
.g.
#.....##.#
#..
#.....##.#
#.##
#.....##.#
#..
#.....##.#
#.#
+........#


You could see a goblin.

Vanquished Creatures
  An orc priest (D:2)
  A gnoll (D:1)
  2 adders (D:2)
  2 orcs (D:2)
  A ball python (D:1)
  2 endoplasms
  A giant cockroach (D:1)
  A quokka (D:1)
  5 bats
  2 frilled lizards (D:2)
  4 kobolds
  3 rats (D:1)
25 creatures vanquished.

Notes
Turn   | Place    | Note
-------+----------+-------------------------------------------
     0 | D:1      | leviel the Human Fighter began the quest for the Orb.
     0 | D:1      | Reached XP level 1. HP: 18/18 MP: 1/1
   521 | D:1      | Reached XP level 2. HP: 24/24 MP: 2/2
   760 | D:1      | Reached XP level 3. HP: 29/29 MP: 3/3
  1550 | D:2      | Reached skill level 1 in Dodging
  1550 | D:2      | Reached XP level 4. HP: 23/35 MP: 4/4
  2430 | D:3      | Killed from afar by a goblin

Illustrated notes

Levels and vault maps discovered:
D:1:      dpeg_arrival_water_fire, layout_basic
D:2:      layout_loops_cross, serial_forest, infiniplex_forest_side_room,
          infiniplex_forest_join, infiniplex_forest_lined_3_way,
          infiniplex_forest_fountain, infiniplex_forest_straight_3,
          infiniplex_forest_end_1, roderic_roman_lattice, minmay_misc_feat_five,
          columned_hall_lemuel, minmay_misc_feat_roman, dk_noncrumbling_2
D:3:      layout_basic, grunt_temple_overflow_open,
          shapermc_ecumenical_altar_mp_vishouse, uniq_natasha, uniq_sigmund,
          uniq_grinder

Skill      XL: |  1  2  3 |
---------------+----------+-----
Dodging        | 1 |  1.1
Fighting       | |  3.5
Axes           | |  2.9
Armour         | |  3.3
Stealth        | |  0.1
Shields        | |  3.5

Action                   |  1- 3 |  4- 6 || total
-------------------------+-------+-------++-------
Melee: War axe           |    56 |    13 ||    69
Armor: Scale mail        |    36 |     8 ||    44
Dodge: Dodged            |    12 |     6 ||    18
Block: Kite shield       |    39 |     7 ||    46

Table legend: (Time is in decaauts)
 A = Elapsed time spent in this place.
 B = Non-inter-level travel time spent in this place.
 C = Inter-level travel time spent in this place.
 D = Time resting spent in this place.
 E = Time spent auto-exploring this place.
 F = Levels seen in this place.
 G = Mean time per level.
                   A        B        C        D        E       F      G
               +--------+--------+--------+--------+--------+-----+--------+
         Total |   2471 |   2384 |     87 |    119 |   2074 |   3 |  823.7 |
       Dungeon |   2471 |   2384 |     87 |    119 |   2074 |   3 |  823.7 |
               +--------+--------+--------+--------+--------+-----+--------+

Top non-repeatable levels by time:
     D:2: 1301 daAuts
     D:1: 1139 daAuts
     D:3: 31 daAuts
